 Dungeon Crawl Stone Soup version 0.21.1-1-g345015f (webtiles) character file.

66 shakethe the Grave Robber (level 3, 0/27 HPs)
             Began as a Demonspawn Necromancer on Feb 18, 2018.
             Slain by a goblin
             ... wielding a +0 club
              (5 damage)
             ... on level 2 of the Dungeon.
             The game lasted 00:07:37 (2096 turns).

shakethe the Grave Robber (Demonspawn Necromancer)  Turns: 2096, Time: 00:07:37

Health: 0/27       AC:  2    Str:  8    XL:     3   Next: 96%
Magic:  1/7        EV: 12    Int: 17    God:
Gold:   74         SH:  0    Dex: 13    Spells: 3/7 levels left

rFire    . . .     SeeInvis .   d - +0 club
rCold    . . .     Gourm    .   (no shield)
rNeg     . . .     Faith    .   a - +0 robe
rPois    .         Spirit   .   (no helmet)
rElec    .         Reflect  .   (no cloak)
rCorr    .         Harm     .   (no gloves)
MR       .....                  (no boots)
Stlth    +++.......             (no amulet)
HPRegen  0.09/turn              (no ring)
MPRegen  0.10/turn              (no ring)

@: no status effects
A: claws 1, nightstalker 1
a: no special abilities


You were on level 2 of the Dungeon.
You were hungry.

You visited 1 branch of the dungeon, and saw 2 of its levels.

You collected 74 gold pieces.

Inventory:

Hand Weapons
 d - a +0 club (weapon)
   (You took it off a kobold on level 1 of the Dungeon)
Missiles
 f - 52 stones (quivered)
Armour
 a - a +0 robe (worn)
 k - a +0 cloak
   (You found it on level 1 of the Dungeon)
Jewellery
 p - a cursed amulet of inaccuracy {unknown}
   (You found it on level 2 of the Dungeon)
Scrolls
 e - a scroll of remove curse {unknown}
 j - 3 scrolls of identify {unknown}
 m - a scroll of teleportation {unknown}
 o - a scroll of fog {unknown}
Potions
 g - 2 potions of curing
 h - a potion of ambrosia {unknown}
 i - a potion of mutation {unknown}
 l - a potion of invisibility {unknown}
Books
 b - a book of Necromancy
Comestibles
 c - 3 rations
 n - a chunk of flesh {@w0@w0}


   Skills:
 + Level 1.9 Fighting
 - Level 1.7 Dodging
 - Level 1.7 Stealth
 + Level 2.7 Spellcasting
 + Level 5.0 Necromancy


You had 3 spell levels left.
You knew the following spells:

 Your Spells              Type           Power        Failure   Level  Hunger
a - Pain                  Necr           ###.         2%          1    #......
r - Regeneration          Chrm/Necr      ##........   19%         3    ###....


Dungeon Overview and Level Annotations

Branches:
Dungeon (2/15)

Altars:


Innate Abilities, Weirdness & Mutations

You have sharp fingernails.
You are slightly more attuned to the shadows.


Message History

A frilled lizard is nearby!
Aim: a frilled lizard (resting, chance to defeat MR: 89%)
The frilled lizard hisses angrily.
The frilled lizard writhes in agony!
You kill the frilled lizard!
You now have 4/7 mp.
f - 53 stones (gained 1);
p - a dented ruby amulet;
c - 3 rations (gained 1)
There is a stone staircase leading up here.
A rat comes into view.
Aim: a rat (resting, chance to defeat MR: 89%)
The rat writhes in agony!
You take 1 damage, and have 24/27 hp.
You now have 4/7 mp.
Aim: a rat (heavily wounded, chance to defeat MR: 89%)
The rat writhes in agony!
You kill the rat!
You take 1 damage, and have 23/27 hp.
You now have 3/7 mp.
A worm comes into view.
A worm is nearby!
You can't see any susceptible monsters within range! (Use Z to cast anyway.) Unknown command.
You can't see any susceptible monsters within range! (Use Z to cast anyway.)
Aim: a worm (hasn't noticed you)
You throw a stone.
The stone hits the worm but does no damage.
Aim: a worm (chance to defeat MR: 84%)
The worm writhes in agony!
You take 1 damage, and have 23/27 hp.
You now have 3/7 mp.
Aim: a worm (moderately wounded, chance to defeat MR: 84%)
The worm writhes in agony!
You take 1 damage, and have 22/27 hp.
You now have 2/7 mp.
Aim: a worm (heavily wounded, chance to defeat MR: 84%)
The worm writhes in agony!
You take 1 damage, and have 21/27 hp.
You now have 1/7 mp.
Aim: a worm (heavily wounded, chance to defeat MR: 84%)
The worm writhes in agony!
Sorry, you're not good enough to have a special ability.
You take 1 damage, and have 20/27 hp.
You now have 0/7 mp.
You don't have enough magic to cast that spell.
Sorry, you're not good enough to have a special ability.
You see here a rat corpse.
You hit the worm but do no damage. The worm bites you.
You take 6 damage, and have 14/27 hp.
MASSIVE DAMAGE!!
You barely miss the worm. The worm bites you but does no damage.
You hit the worm. You hit the worm. The worm bites you but does no damage.
You hit the worm but do no damage. The worm bites you!
* * * LOW HITPOINT WARNING * * *
You take 8 damage, and have 6/27 hp.
MASSIVE DAMAGE!!
Aim: a worm (heavily wounded, chance to defeat MR: 84%)
The worm writhes in agony!
You take 1 damage, and have 5/27 hp.
You now have 0/7 mp.
There is a stone staircase leading up here.
Aim: a worm (heavily wounded, chance to defeat MR: 84%)
The worm writhes in agony!
You now have 0/7 mp.
That item cannot be evoked!
That item cannot be evoked!
Some of the chunks of flesh in your inventory have rotted away.
Okay, then.
You are feeling hungry.
A goblin comes into view. It is wielding a club.
There is a stone staircase leading up here.
Found a stone staircase leading up.
Found a stone staircase leading down.
MP restored: 7 The floor.
Aim: a worm (chance to defeat MR: 84%)
The worm writhes in agony!
You take 1 damage, and have 10/27 hp.
You now have 6/7 mp.
Aim: a worm (moderately wounded, chance to defeat MR: 84%)
The worm writhes in agony!
You now have 5/7 mp.
Aim: a worm (moderately wounded, chance to defeat MR: 84%)
The worm writhes in agony!
You take 1 damage, and have 9/27 hp.
You now have 4/7 mp.
Aim: a worm (heavily wounded, chance to defeat MR: 84%)
The worm writhes in agony!
You take 1 damage, and have 8/27 hp.
You now have 3/7 mp.
Aim: a worm (severely wounded, chance to defeat MR: 84%)
The worm writhes in agony!
You take 1 damage, and have 7/27 hp.
You now have 2/7 mp.
Aim: a worm (almost dead, chance to defeat MR: 84%)
The worm writhes in agony!
You kill the worm!
You take 1 damage, and have 6/27 hp.
You now have 1/7 mp.
You see here a worm corpse.
The goblin hits you with a club.
* * * LOW HITPOINT WARNING * * *
You see here a worm corpse.
You take 1 damage, and have 5/27 hp.
The goblin closely misses you. The goblin hits you but does no damage.
Aim: a goblin, wielding a club (chance to defeat MR: 89%)
The goblin barely resists.
You take 1 damage, and have 6/27 hp.
You now have 2/7 mp.
Aim: a goblin, wielding a club (chance to defeat MR: 89%)
The goblin writhes in agony!
The goblin hits you with a club.
You die...

#.# # #.#.###### #.# #.
#.#......## #.# .. >...<....
... .. # #......# #.# #####..
#.#......# #.# #...†..
#.#.#....#####.####.#.###.#
#...#....#@.........#...#.#
#.....#..#g####.######<.#.#
#)....#..#.##...# #..#.#
#######..#..#..#.##.###
####..#.# .......<.......#.##.#
#.....#.#
#...g.###.#.#.##.##.#####.....#
#.........#....#.##...w....#..#
#.......#####..#.#########.####
#..............#.# #...


You could see a goblin.

Vanquished Creatures
  A gnoll (D:1)
  An adder (D:2)
  2 oozes (D:1)
  A worm (D:2)
  A dart slug (D:1)
  A ball python (D:1)
  2 bats (D:1)
  3 giant cockroaches
  2 hobgoblins
  3 frilled lizards
  4 goblins
  8 kobolds
  6 rats
35 creatures vanquished.

Notes
Turn   | Place    | Note
-------+----------+-------------------------------------------
     0 | D:1      | shakethe the Demonspawn Necromancer began the quest for the Orb.
     0 | D:1      | Reached XP level 1. HP: 13/13 MP: 3/3
   333 | D:1      | Gained mutation: You are slightly more attuned to the shadows. [demonic ancestry]
   333 | D:1      | Reached XP level 2. HP: 16/20 MP: 0/5
   413 | D:1      | Reached skill level 1 in Fighting
   824 | D:1      | Gained mutation: You have sharp fingernails. [demonic ancestry]
   824 | D:1      | Reached XP level 3. HP: 24/26 MP: 2/6
  1720 | D:1      | Learned a level 3 spell: Regeneration
  1792 | D:2      | Reached skill level 5 in Necromancy
  1796 | D:2      | HP: 6/27 [poisoned by an adder]
  1983 | D:2      | HP: 6/27 [worm (9)]
  2079 | D:2      | HP: 5/27 [goblin/club (1)]
  2096 | D:2      | Slain by a goblin

Skill      XL: |  1  2  3 |
---------------+----------+-----
Fighting       | 1 |  1.9
Necromancy     | 5 |  5.0
Dodging        | |  1.7
Stealth        | |  1.7
Spellcasting   | |  2.7

Action                   || total
-------------------------++-------
Melee: Club              ||    19
Throw: Stone             ||     2
 Cast: Pain              ||    75
  Use: Potion            ||     1
  Eat: Ration            ||     1
Armor: Robe              ||     6
Dodge: Dodged            ||    13

Vault maps used:
D:1:      erik_arrival_gehennom, grunt_decor_resistance, minmay_heptomino_o4
D:2:      first_ration

Table legend:
 A = Turns spent in this place as a percentage of turns spent in the entire game.
 B = Non-inter-level travel turns spent in this place as a percentage of non-inter-level travel turns spent in the entire game.
 C = Inter-level travel turns spent in this place as a percentage of turns spent in this place.
 D = Turns resting spent in this place as a percentage of non-inter-level travel turns spent in this place.
 E = Turns spent auto-exploring this place as a percentage of non-inter-level travel turns spent in this place.
 F = Non-inter-level travel turns spent in this place divided by the number of levels of this place that you've seen.
                   A       B       C       D       E      F
               +-------+-------+-------+-------+-------+----------------------
         Total | 100.0 | 100.0 |   1.1 |  34.6 |  46.8 | 1036.0
       Dungeon | 100.0 | 100.0 |   1.1 |  34.6 |  46.8 | 1036.0
               +-------+-------+-------+-------+-------+----------------------

Table legend:
 A = Kills in this place as a percentage of kills in entire the game.
 B = Kills by you in this place as a percentage of kills by you in the entire game.
 C = Kills by friends in this place as a percentage of kills by friends in the entire game.
 D = Other kills in this place as a percentage of other kills in the entire game.
 E = Experience gained in this place as a percentage of experience gained in the entire game.
 F = Experience gained in this place divided by the number of levels of this place that you have seen.
                   A       B       C       D       E      F
               +-------+-------+-------+-------+-------+----------------------
         Total | 100.0 | 100.0 |   N/A |   N/A | 100.0 |  47.5
       Dungeon | 100.0 | 100.0 |   N/A |   N/A | 100.0 |  47.5
               +-------+-------+-------+-------+-------+----------------------
